 Dungeon Crawl Stone Soup version 0.28-a0-906-g0406aca7d3 (webtiles) character file.

Game seed: 2055955218907776159

28 Crownlay the Digger (level 3, -1/19 HPs)
             Began as a Gargoyle Earth Elementalist on Nov 23, 2021.
             Slain by Terence (8 damage)
             ... on level 1 of the Dungeon.
             The game lasted 00:01:47 (1315 turns).

Crownlay the Digger (Gargoyle Earth Elementalist)   Turns: 1315, Time: 00:01:48

Health: -1/19      AC:  5    Str: 17    XL:     3   Next: 12%
Magic:  0/7        EV: 11    Int: 16    God:
Gold:   23         SH:  0    Dex: 10    Spells: 3/7 levels left

rFire   . . .      SeeInvis .   d - +0 dagger
rCold   . . .      Faith    .   (no shield)
rNeg    + . .      Spirit   .   b - +0 robe
rPois   ∞          Reflect  .   (no helmet)
rElec   +          Harm     .   (no cloak)
rCorr   .          Rampage  .   (no gloves)
Will    .....                   (no boots)
Stlth   ++........              (no amulet)
HPRegen 0.06/turn               e - +6 ring of strength
MPRegen 0.10/turn               (no ring)

@: no status effects
A: sickness immunity, AC +3, negative energy resistance 1, electricity
resistance, torment resistance 1, petrification resistance
a: no special abilities


You were on level 1 of the Dungeon.
You visited 1 branch of the dungeon, and saw 2 of its levels.

You collected 23 gold pieces.

Inventory:

Hand Weapons
 d - a +0 dagger (weapon)
Missiles
 c - 63 stones
Armour
 b - a +0 robe (worn)
Jewellery
 e - a +6 ring of strength (left hand)
Scrolls
 a - 2 scrolls of identify {unknown}
 f - a scroll of amnesia {unknown}


   Skills:
 - Level 1.5 Dodging
 - Level 2.1 Stealth
 * Level 2.9 Spellcasting
 - Level 0.7 Transmutations
 + Level 4.1 Earth Magic


You had 3 spell levels left.
You knew the following spells:

 Your Spells              Type           Power      Damage    Failure   Level
a - Sandblast             Erth           30%        2d9       3%          1
b - Stone Arrow           Conj/Erth      18%        3d8       24%         3

Your spell library contained the following spells:

 Spells                   Type           Power      Damage    Failure   Level
 Passwall                 Tmut/Erth      8%         N/A       11%         2
 Beastly Appendage        Tmut           8%         N/A       14%         1
 Wereblood                Tmut           4%         N/A       22%         2
 Corpse Rot               Necr/Air       4%         N/A       28%         2
 Spider Form              Tmut/Pois      3%         N/A       43%         3
 Petrify                  Tmut/Erth      10%        N/A       56%         4
 Dispel Undead            Necr           2%         3d7       88%         4
 Death Channel            Necr           1%         N/A       100%        6


Dungeon Overview and Level Annotations

Branches:
Dungeon (2/15)

Altars:

Annotations:
D:1 Terence


Innate Abilities, Weirdness & Mutations

You are immune to sickness and miasma.
Your stone body is resilient. (AC +3)
You are immune to poison.
You resist negative energy. (rN+)
You are resistant to electric shocks. (rElec)
You are resistant to unholy torment.
You are immune to petrification.


Message History

The blast of sand hits Terence.
Terence is almost dead.
Terence hits you but does no damage.
The blast of sand misses Terence.
Terence barely misses you.
You are too depleted to draw on your mana recklessly!
You hit Terence but do no damage.
Terence is almost dead.
Terence says, "Time to say good-bye..."
Terence closely misses you.
You hit Terence but do no damage.
Terence is severely wounded.
Terence screams, "I want your blood!" Terence hits you with a +0 hand axe.
You barely miss Terence.
Terence is severely wounded.
Terence closely misses you.
You closely miss Terence.
Terence is severely wounded.
Terence closely misses you.
You barely miss Terence.
Terence is severely wounded.
Terence hits you with a +0 hand axe.
You hit Terence but do no damage.
Terence is severely wounded.
Terence hits you with a +0 hand axe.
You hit Terence but do no damage.
Terence is severely wounded.
Terence closely misses you.
Casting: Sandblast (safe; 3% risk of failure)
Confirm with . or Enter, or press ? or * to list all spells.
Aiming: Sandblast (safe; 3% risk of failure)
Press: ? - help, Shift-Dir - straight line, f/p - Terence
Aim: Terence, wielding a +0 hand axe and wearing a +0 scale mail (severely wounded, 82% to hit)
The blast of sand hits Terence.
Terence is almost dead.
Terence hits you but does no damage.
You closely miss Terence.
Terence is almost dead.
Terence hits you with a +0 hand axe!
You die...

...............>..........#
#......###.##.#.####.####.#
#..###..............÷.# #.#
..........#.#.........# #.#
.....#.##.#.#....#...####.#
.....[....#.#.............#
#+#...###.#.#...........###
#.#.......#......#.#.##.#
#.##..#########.@#.#.##.#
#.).........#.#.@#.#.##)#
#####..####.#.#..#.#.##.#
#..####.#.#..#.#.##.#
#.....#.#....#.#.##.#
##......###.##.#.##.####
#....#.###....#.##....#
#.#........#..#.#####.# ##
#.#..#.....#..#.# #.#


You could see Terence.

Vanquished Creatures
  A dart slug (D:1)
  2 endoplasms (D:1)
  A giant cockroach (D:1)
  2 hobgoblins (D:1)
  2 jackals (D:1)
  A ball python (D:1)
  4 bats
  3 frilled lizards (D:1)
  2 goblins (D:1)
  5 kobolds
  4 rats (D:1)
27 creatures vanquished.

Notes
Turn   | Place    | Note
-------+----------+-------------------------------------------
     0 | D:1      | Crownlay the Gargoyle Earth Elementalist began the quest
                  | for the Orb.
     0 | D:1      | Reached XP level 1. HP: 10/10 MP: 3/3
    75 | D:1      | Found a faded altar of an unknown god.
   403 | D:1      | Reached XP level 2. HP: 15/15 MP: 3/5
   642 | D:1      | Reached skill level 4 in Earth Magic
  1004 | D:1      | Reached XP level 3. HP: 19/19 MP: 5/7
  1140 | D:1      | Learned a level 3 spell: Stone Arrow
  1160 | D:2      | Noticed Terence
  1315 | D:1      | Slain by Terence

Illustrated notes

Levels and vault maps discovered:
D:1:      wander_arrival_desolate, layout_basic,
          chequers_ecumenical_altar_simple
D:2:      layout_basic, serial_shops, nicolae_shop_hallway_plus,
          kennysheep_generic_room_10, uniq_jessica, uniq_terence

Skill      XL: |  1  2 |
---------------+-------+-----
Earth Magic    | 4 |  4.1
Dodging        | |  1.5
Stealth        | |  2.1
Spellcasting   | |  2.9
Transmutations | |  0.7

Action                   || total
-------------------------++-------
Melee: Unarmed           ||    11
       Dagger            ||    35
 Cast: Sandblast         ||    32
       Stone Arrow       ||     1
  Use: Potion            ||     1
Armor: Robe              ||    16
Dodge: Dodged            ||    36

Table legend: (Time is in decaauts)
 A = Elapsed time spent in this place.
 B = Non-inter-level travel time spent in this place.
 C = Inter-level travel time spent in this place.
 D = Time resting spent in this place.
 E = Time spent auto-exploring this place.
 F = Levels seen in this place.
 G = Mean time per level.
                   A        B        C        D        E       F      G
               +--------+--------+--------+--------+--------+-----+--------+
         Total |   1315 |   1231 |     84 |      0 |    995 |   2 |  657.5 |
       Dungeon |   1315 |   1231 |     84 |      0 |    995 |   2 |  657.5 |
               +--------+--------+--------+--------+--------+-----+--------+

Top non-repeatable levels by time:
     D:1: 1306 daAuts
     D:2: 9 daAuts
